 Dungeon Crawl Stone Soup version 0.27-a0-1177-g245c70e1c0 (webtiles) character file.

Game seed: 12526339828111647275

826 freelancePsychic the Chopper (level 7, 0/63 HPs)
             Began as a Ghoul Delver on May 16, 2021.
             Was a Follower of Makhleb.
             Slain by an ogre
             ... wielding a +0 giant club
              (22 damage)
             ... on level 5 of the Dungeon.
             The game lasted 00:12:05 (6358 turns).

freelancePsychic the Chopper (Ghoul Delver)         Turns: 6358, Time: 00:12:05

Health: 0/63       AC: 15    Str: 18    XL:     7   Next: 96%
Magic:  7/7        EV:  5    Int: 11    God:    Makhleb [*.....]
Gold:   267        SH:  0    Dex: 10    Spells: 6/6 levels left

rFire    . . .     SeeInvis .   t - +0 war axe
rCold    + . .     Faith    .   (no shield)
rNeg     + + +     Spirit   .   d - +0 plate armour
rPois    ∞         Reflect  .   l - +0 helmet
rElec    .         Harm     .   (no cloak)
rCorr    .         Rampage  .   w - +2 pair of gloves
Will     .....                  i - +0 pair of boots
Stlth    ..........             (no amulet)
HPRegen  0.00/turn              q - +6 ring of intelligence
MPRegen  0.10/turn              (no ring)

@: no status effects
A: claws 1, cold resistance 1, negative energy resistance 3, inhibited
regeneration, torment resistance 2
a: Renounce Religion


You were on level 5 of the Dungeon.
You worshipped Makhleb.
Makhleb was aware of your devotion.
You visited 1 branch of the dungeon, and saw 5 of its levels.

You collected 267 gold pieces.

Inventory:

Hand Weapons
 t - a +0 war axe (weapon)
Missiles
 j - an atropa-tipped dart (quivered)
Armour
 d - a +0 plate armour (worn)
 i - a +0 pair of boots (worn)
 l - a +0 helmet (worn)
 w - a +2 pair of gloves (worn)
Jewellery
 a - an amulet of faith
 f - a +6 ring of intelligence
 q - a +6 ring of intelligence (left hand)
 u - an amulet of regeneration
Wands
 g - a wand of digging (2)
 x - a wand of mindburst (11)
Scrolls
 b - 3 scrolls of amnesia
 c - a scroll of fog
 h - 2 scrolls of teleportation {@r4}
 m - 2 scrolls of blinking
 n - a scroll of summoning
Potions
 k - 3 potions of curing {@q1}
 p - 2 potions of brilliance
 r - a potion of might
 s - a potion of mutation
 v - a potion of heal wounds {unknown}


   Skills:
 + Level 6.1 Fighting
 * Level 6.3 Axes
 - Level 1.0 Armour
 - Level 1.7 Dodging
 - Level 5.4 Stealth
 + Level 2.2 Invocations


You had 6 spell levels left.
You didn't know any spells.
Your spell library contained the following spells:

 Spells                   Type           Power      Damage    Failure   Level
 Corona                   Hex            0%         N/A       100%        1
 Ensorcelled Hibernation  Hex/Ice        0%         N/A       100%        2
 Confusing Touch          Hex            0%         N/A       100%        3
 Dazzling Flash           Conj/Hex       0%         N/A       100%        3
 Tukima's Dance           Hex            0%         N/A       100%        3


Dungeon Overview and Level Annotations

Branches:
Dungeon (5/15)
 Temple: D:4-7

Altars:
Hepliaklqana
Makhleb
Yredelemnul


Innate Abilities, Weirdness & Mutations

You thrive by killing the living.
You are immune to poison.
You have sharp fingernails.
Your flesh is cold resistant. (rC+)
You are immune to negative energy. (rN+++)
You do not regenerate when monsters are visible.
You are immune to unholy pain and torment.


Message History

The centaur zombie is severely damaged.
The centaur zombie hits you but does no damage.
The centaur zombie kicks you but does no damage.
You slash the centaur zombie!
The centaur zombie is almost destroyed.
The centaur zombie barely misses you. x2
The centaur zombie completely misses you.
The centaur zombie barely misses you.
You hit the centaur zombie.
The centaur zombie is almost destroyed.
The centaur zombie hits you but does no damage.
The centaur zombie kicks you but does no damage.
The centaur zombie hits you but does no damage.
The centaur zombie kicks you but does no damage.
You barely miss the centaur zombie.
The centaur zombie is almost destroyed.
The centaur zombie hits you. The centaur zombie kicks you.
You hit the centaur zombie.
You destroy the centaur zombie!
Makhleb accepts your kill.
You feel better.
No target in view!
No target in view!
No target in view!
No target in view!
No target in view!
No target in view!
Found 13 stones.
An ogre comes into view. It is wielding a +0 giant club.
The ogre shouts!
You hit the ogre.
The ogre is lightly wounded.
The ogre hits you with a +0 giant club!
As you read the scroll of torment, it crumbles to dust.
You feel a surge of unholy energy.
The ogre convulses!
The ogre hits you with a +0 giant club!!
You barely miss the ogre.
The ogre is heavily wounded.
The ogre hits you with a +0 giant club!!
You die...

************ *,,,,,,,,,,* #####
*,********,* #########....
**,***,,,**,* *#.........###
,,,,,,,*,**(########.#.##########
**,***,,,**.........###......?...
*,* **,***#########.#.##########
*,* **,** #$.O@.....## *,***,*,**
#.######### *,**,***,**#.* *,,,**
**,*#.* ## *,**,***,**#.*****##*
#. *,**,,*,,,,..,,,,,$.* #.
**,,,,*,*,**##*****#.* #.
,,,******,,,* #.* #<
**,,,,,,,,,,* #.* #.


You could see an ogre.

Vanquished Creatures
  A sky beast (D:4)
  2 scorpions
  A water moccasin skeleton (D:4)
  The ghost of freelancePsychic the Sneak, a weakling KoDe of Hepliaklqana (D:3)
  A centaur zombie (D:5)
  An orc priest (D:4)
  2 centaur skeletons
  4 hounds
  A scorpion zombie (D:5)
  2 iguanas (D:5)
  5 gnolls
  5 adders
  An adder skeleton (D:4)
  3 worms
  4 dart slugs
  12 orcs
  5 ball pythons
  3 bats (D:3)
  6 endoplasms
  4 giant cockroaches
  6 goblins
  8 hobgoblins
  6 jackals (D:1)
  4 quokkas
  3 frilled lizards
  11 kobolds
  5 rats
  A spectral orc (D:3)
108 creatures vanquished.

Notes
Turn   | Place    | Note
-------+----------+-------------------------------------------
     0 | D:5      | freelancePsychic the Ghoul Delver began the quest for the
                  | Orb.
     0 | D:5      | Reached XP level 1. HP: 19/19 MP: 0/0
   171 | D:3      | Reached XP level 2. HP: 25/26 MP: 1/1
   185 | D:3      | Noticed a phantom
   261 | D:3      | Found a runed translucent door.
   440 | D:3      | Noticed freelancePsychic's ghost (weakling KoDe)
   497 | D:3      | Reached XP level 3. HP: 33/33 MP: 2/2
  1156 | D:1      | Reached XP level 4. HP: 35/40 MP: 3/3
  1843 | D:2      | You fall into a shaft and drop 2 floors!
  1919 | D:4      | Noticed a sky beast
  2225 | D:2      | Reached XP level 5. HP: 43/47 MP: 4/4
  2894 | D:3      | Found a burning altar of Makhleb.
  2901 | D:3      | Became a worshipper of Makhleb the Destroyer
  3211 | D:3      | Killed freelancePsychic's ghost
  3429 | D:3      | Found a hazy altar of Hepliaklqana.
  3612 | D:3      | Reached XP level 6. HP: 25/55 MP: 5/5
  4075 | D:4      | Killed a sky beast
  4076 | D:4      | Reached skill level 5 in Fighting
  4076 | D:4      | Reached skill level 5 in Axes
  4977 | D:4      | Found a basalt altar of Yredelemnul.
  5067 | D:4      | Reached skill level 1 in Armour
  5067 | D:4      | Reached XP level 7. HP: 50/61 MP: 6/6
  5162 | D:4      | Reached * piety under Makhleb
  5453 | D:4      | Reached skill level 1 in Invocations
  6358 | D:5      | Slain by an ogre

Illustrated notes

Levels and vault maps discovered:
D:1:      moated_graveyard_arrival, layout_loops_ring
D:2:      layout_basic, fountainhead
D:3:      layout_loops_corners, lightli_temple_of_fire,
          nicolae_hepliaklqana_monster_ancestors, hellmonk_ghost_happy_afterlife
D:4:      layout_layer_cave, kennysheep_mini, cheibrodos_gnoll_hut
D:5:      layout_loops_ring, grunt_temple_overflow_order_and_chaos_1,
          grunt_ministairs_13

Skill      XL: |  1  2  3  4  5  6  7 |
---------------+----------------------+-----
Axes           | 2 3 4 5 6 |  6.3
Fighting       | 4 5 6 |  6.1
Armour         | 1 |  1.0
Invocations    | 2 |  2.2
Dodging        | |  1.7
Stealth        | |  5.4

Action                   |  1- 3 |  4- 6 |  7- 9 || total
-------------------------+-------+-------+-------++-------
Melee: Hand axe          |   122 |   171 |       ||   293
       War axe           |       |    81 |    98 ||   179
Throw: Dart              |       |       |     2 ||     2
Evoke: Wand              |       |     1 |       ||     1
  Use: Scroll            |     1 |     8 |     3 ||    12
       Potion            |       |       |     1 ||     1
 Stab: Sleeping          |     3 |     3 |       ||     6
       Distracted        |       |     2 |       ||     2
Armor: Leather armour    |     4 |       |       ||     4
       Scale mail        |    65 |    97 |       ||   162
       Plate armour      |       |    26 |    90 ||   116
Dodge: Dodged            |    71 |   108 |    35 ||   214

Table legend: (Time is in decaauts)
 A = Elapsed time spent in this place.
 B = Non-inter-level travel time spent in this place.
 C = Inter-level travel time spent in this place.
 D = Time resting spent in this place.
 E = Time spent auto-exploring this place.
 F = Levels seen in this place.
 G = Mean time per level.
                   A        B        C        D        E       F      G
               +--------+--------+--------+--------+--------+-----+--------+
         Total |   6428 |   6282 |    146 |    957 |   3924 |   5 | 1285.6 |
       Dungeon |   6428 |   6282 |    146 |    957 |   3924 |   5 | 1285.6 |
               +--------+--------+--------+--------+--------+-----+--------+

Top non-repeatable levels by time:
     D:3: 1959 daAuts
     D:4: 1827 daAuts
     D:2: 1037 daAuts
     D:1: 903 daAuts
     D:5: 700 daAuts
